 Seeded DCSS version 0.29.1-1-gd02db6906a (webtiles) character file.

Game seed: 9708579739092153053 (custom seed)

2578 GigaChad the Fighter (level 9, -10/86 HPs)
             Began as a Minotaur Fighter on Sept 16, 2022.
             Was a Follower of Trog.
             Shot with a sling bullet by Joseph (17 damage)
             ... on level 8 of the Dungeon.
             The game lasted 00:20:02 (5912 turns).

GigaChad the Fighter (Minotaur Fighter)             Turns: 5912, Time: 00:20:03

Health: -10/86     AC: 13    Str: 27    XL:     9   Next: 32%
Magic:  8/8        EV:  9    Int: 11    God:    Trog [*.....]
Gold:   268        SH:  4    Dex: 10    Spells: 8/8 levels left

rFire   + . .      SeeInvis +   g - +7 mace of the Maze {spect, rPois Will+ Str+2}
rCold   + . .      Faith    .   c - +0 buckler
rNeg    . . .      Spirit   .   i - +0 plate armour
rPois   +          Reflect  .   (helmet restricted)
rElec   .          Harm     .   (no cloak)
rCorr   .          Rampage  .   (no gloves)
Will    ++...                   (no boots)
Stlth   ..........              (no amulet)
HPRegen 0.24/turn               o - ring of Quna {rF+ Int+6 SInv}
MPRegen 0.11/turn               q - ring "Vacza" {rPois rC+ Will+}

@: no status effects
A: horns 2, retaliatory headbutt
a: Renounce Religion, Berserk


You were on level 8 of the Dungeon.
You worshipped Trog.
Trog was aware of your devotion.
You visited 2 branches of the dungeon, and saw 9 of its levels.

You collected 268 gold pieces.

Inventory:

Hand Weapons
 a - a +0 long sword
 g - the +7 mace of the Maze (weapon) {spect, rPois Will+ Str+2}
   (You found it on level 2 of the Dungeon)

   When its wielder attacks, the weapon's spirit leaps out and strikes again.
   The spirit shares a part of any damage it takes with its wielder.
   Str:       It affects your strength (+2).
   rPois:     It protects you from poison.
   Will:      It increases your willpower.
Missiles
 j - 2 atropa-tipped darts (quivered)
Armour
 b - a +0 scale mail
 c - a +0 buckler (worn)
 i - a +0 plate armour (worn)
Jewellery
 o - the ring of Quna (left hand) {rF+ Int+6 SInv}
   (You acquired it on level 3 of the Dungeon)

   [ring of intelligence]

   Int:       It affects your intelligence (+6).
   rF:        It protects you from fire.
   SInv:      It lets you see invisible.
 p - a ring of poison resistance
 q - the ring "Vacza" (right hand) {rPois rC+ Will+}
   (You acquired it on level 3 of the Dungeon)

   [ring of protection from cold]

   rC:        It protects you from cold.
   rPois:     It protects you from poison.
   Will:      It increases your willpower.
 A - a ring of resist corrosion
 B - a ring of protection from cold
Wands
 r - a wand of flame (4)
Scrolls
 e - a scroll of blinking
 h - 2 scrolls of noise
 m - a scroll of fear
 t - 2 scrolls of immolation
 w - 3 scrolls of magic mapping
 x - a scroll of amnesia
 y - a scroll of poison {unknown}
Potions
 d - a potion of might
 f - a potion of curing
 k - a potion of brilliance {unknown}
 l - 2 potions of haste
 n - a potion of magic {unknown}
 s - a potion of resistance {unknown}
 u - 2 potions of flight {unknown}
 v - a potion of degeneration {unknown}
 z - 2 potions of attraction {unknown}


   Skills:
 - Level 10.8 Fighting
 - Level 2.4 Long Blades
 - Level 7.4 Armour
 + Level 8.3 Dodging
 - Level 3.6 Shields


You had 8 spell levels left.
You didn't know any spells.
Your spell library contained the following spells:

 Spells                   Type           Power      Damage    Failure   Level
 Necrotise                Necr           0%         1d4       99%         1
 Vampiric Draining        Necr           0%         2d6       100%        3
 Agony                    Necr           0%         N/A       100%        5


Dungeon Overview and Level Annotations

Branches:
Dungeon (8/15)             Temple (1/1) D:6
   Lair: D:8-11

Altars:
Dithmenos
Elyvilon
Gozag
Kikubaaqudgha
Makhleb
Nemelex Xobeh
Okawaru
Trog
Vehumet
Xom
Yredelemnul
Zin
The Shining One

Annotations:
D:5 3 runed translucent doors, Icepheonix32's ghost, novice MiFi
D:8 Joseph


Innate Abilities, Weirdness & Mutations

You have a pair of horns on your head.
You reflexively headbutt those who attack you in melee.


Message History

The centaur shoots an arrow.
The arrow hits you.
The centaur shoots an arrow.
The arrow hits you.
The centaur wields a +0 shortbow.
The centaur shoots an arrow.
The arrow hits you!
The centaur shoots an arrow.
You block the arrow.
Joseph shoots a sling bullet.
The sling bullet hits you.
The centaur shoots an arrow.
The arrow hits you but does no damage.
The centaur shoots an arrow.
The arrow hits you but does no damage.
The centaur shoots an arrow.
The arrow hits you but does no damage.
Joseph shoots a sling bullet.
The sling bullet hits you!
The centaur shoots an arrow.
The arrow closely misses you.
Joseph shoots a sling bullet.
You block the sling bullet.
The centaur shoots an arrow.
The arrow closely misses you.
The centaur shoots an arrow.
The arrow hits you.
The centaur shoots an arrow.
The arrow hits you.
The centaur shoots an arrow.
The arrow hits you.
The centaur shoots an arrow.
The arrow hits you.
The centaur shoots an arrow.
The arrow barely misses you.
The centaur shoots an arrow.
The arrow hits you!
* * * LOW HITPOINT WARNING * * *
The centaur shoots an arrow.
The arrow barely misses you.
The centaur shoots an arrow.
The arrow hits you but does no damage.
The centaur shoots an arrow.
You block the arrow.
The centaur shoots an arrow.
The arrow hits you but does no damage.
The centaur shoots an arrow.
The arrow completely misses you.
The centaur shoots an arrow.
The arrow hits you.
* * * LOW HITPOINT WARNING * * *
Blink to where?
Press: ? - help, Dir - move target
As you read the scroll of blinking, it crumbles to dust.
The centaur shoots an arrow.
The arrow hits you!
* * * LOW HITPOINT WARNING * * *
Joseph zaps a wand.
The roots erupt in riotous growth!
The grasping roots grab you! The grasping roots constrict you.
You hear a croak.
You escape the roots grasp.
The centaur shoots an arrow.
The arrow hits you.
* * * LOW HITPOINT WARNING * * *
Joseph shoots a sling bullet.
The sling bullet hits you!
You die...

.. .@.#....#
#.##.##. #.#.#.##
......# #.....#
#.....###..####
#.........##
#........#######
#.......@#ยง...##
##.......c..###.##
#..@.#.....## ##.#
##.#######.<## #.#
#. ##))###.# #.
##).#.## ## ##...#
#..## ####


You could see Joseph and a centaur.

Vanquished Creatures
  Prince Ribbit (D:7)
  Grinder (D:6)
  Eustachio (D:6)
  A steam dragon (D:7)
  A swamp worm (D:7)
  2 water moccasins
  A sky beast (D:7)
  An orc warrior (D:7)
  2 black bears (D:6)
  A phantom (D:6)
  A kobold brigand (D:8)
  A necrophage (D:5)
  4 scorpions
  2 jellies
  4 orc priests
  2 hounds
  4 iguanas
  10 orc wizards
  Robin (D:4)
  9 adders
  An ufetubus (D:5)
  4 worms
  A dart slug (D:5)
  26 orcs
  3 bats
  5 endoplasms
  3 giant cockroaches
  16 goblins
  6 hobgoblins
  4 jackals (D:2)
  4 quokkas
  4 ball pythons
  2 frilled lizards
  7 kobolds
  2 rats (D:6)
138 creatures vanquished.

Vanquished Creatures (others)
  7 plants
7 creatures vanquished.

Grand Total: 145 creatures vanquished

Notes
Turn   | Place    | Note
-------+----------+-------------------------------------------
     0 | D:1      | GigaChad the Minotaur Fighter began the quest for the Orb.
     0 | D:1      | Reached XP level 1. HP: 19/19 MP: 0/0
   119 | D:1      | Reached skill level 4 in Fighting
   303 | D:2      | Reached XP level 2. HP: 28/28 MP: 1/1
   331 | D:2      | Identified the +7 mace of the Maze {spect, rPois Will+
                  | Str+2}
  1026 | D:3      | Reached skill level 5 in Fighting
  1089 | D:3      | Reached XP level 3. HP: 29/36 MP: 2/2
  1219 | D:3      | Reached XP level 4. HP: 44/44 MP: 3/3
  1231 | D:3      | Reached skill level 6 in Fighting
  1316 | D:3      | Identified 3 scrolls of acquirement
  1316 | D:3      | Acquired a ring of poison resistance
  1319 | D:3      | Acquired the ring "Vacza" {rPois rC+ Will+}
  1322 | D:3      | Acquired the ring of Quna {rF+ Int+6 SInv}
  1738 | D:4      | Reached skill level 1 in Dodging
  1744 | D:4      | Reached XP level 5. HP: 26/51 MP: 4/4
  2387 | D:4      | Reached XP level 6. HP: 58/58 MP: 5/5
  2541 | D:4      | Noticed Robin
  2553 | D:4      | Killed Robin
  2977 | D:5      | Entered Level 5 of the Dungeon
  2977 | D:5      | Noticed Icepheonix32's ghost (novice MiFi)
  2977 | D:5      | Found a runed translucent gate.
  2977 | D:5      | Found a runed translucent gate.
  2977 | D:5      | Found a runed translucent gate.
  3015 | D:5      | Reached skill level 5 in Dodging
  3083 | D:5      | Reached XP level 7. HP: 43/64 MP: 6/6
  3370 | D:5      | Reached skill level 5 in Armour
  3389 | D:6      | Noticed Eustachio
  3663 | D:6      | Found a large runed translucent door.
  3664 | D:6      | Found a large runed translucent door.
  3673 | D:6      | Noticed Grinder
  3674 | D:6      | Found a basalt altar of Yredelemnul.
  3689 | D:6      | Killed Grinder
  3725 | D:6      | Reached skill level 7 in Fighting
  3725 | D:6      | Reached XP level 8. HP: 64/73 MP: 7/7
  3811 | D:6      | Killed Eustachio
  3935 | D:6      | Reached skill level 8 in Fighting
  4057 | D:6      | Found a staircase to the Ecumenical Temple.
  4142 | Temple   | Entered the Ecumenical Temple
  4153 | Temple   | Became a worshipper of Trog the Wrathful
  4388 | D:6      | Found a radiant altar of Vehumet.
  4439 | D:6      | Reached skill level 9 in Fighting
  4718 | D:7      | Noticed Prince Ribbit
  4730 | D:7      | Killed Prince Ribbit
  4731 | D:7      | Reached skill level 10 in Fighting
  5128 | D:7      | Reached XP level 9. HP: 69/86 MP: 8/8
  5134 | D:7      | Reached * piety under Trog
  5892 | D:8      | Noticed Joseph
  5912 | D:8      | Shot with a sling bullet by Joseph

Illustrated notes

Levels and vault maps discovered:
D:1:      matt_arrival_spirals, layout_loops_ring,
          chequers_ecumenical_altar_island, chequers_serial_rivers_room_b,
          minmay_misc_feat_nine_boxes
D:2:      layout_basic, chequers_serial_rivers_small_3
D:3:      layout_loops_ring
D:4:      layout_loops_corners, kennysheep_generic_room_5, uniq_robin
D:5:      kennysheep_kobold_camp, layout_cave_pools,
          gammafunk_ghost_nasty_kobolds, nicolae_fountain_basement
D:6:      minmay_evil_eye, layout_loops_ring, jmf_multi_god_temple2,
          temple_statues, gup_sewer_entry_bubbles, uniq_grinder, uniq_eustachio
D:7:      layout_loops_ring, worms_lemuel, uniq_prince_ribbit1
D:8:      layout_layer_cave, mainiacjoe_overflow_tiny_flanked, minivault_22,
          minmay_fire_ice_demons, uniq_joseph
Temple:   hellmonk_temple_two_chambers

Skill      XL: |  1  2  3  4  5  6  7  8  9 |
---------------+----------------------------+-----
Fighting       | 4 5 6 7 10 | 10.8
Dodging        | 2 4 6 8 |  8.3
Armour         | 7 |  7.4
Long Blades    | |  2.4
Shields        | |  3.6

Action                   |  1- 3 |  4- 6 |  7- 9 || total
-------------------------+-------+-------+-------++-------
Melee: Long sword        |    12 |       |       ||    12
       Headbutt          |     4 |    12 |    26 ||    42
       Mace              |    20 |    85 |   130 ||   235
  Use: Scroll            |     2 |     3 |    10 ||    15
Armor: Scale mail        |     7 |       |       ||     7
       Plate armour      |    11 |    46 |   117 ||   174
Dodge: Dodged            |    20 |    34 |    74 ||   128
Block: Buckler           |     5 |    25 |    25 ||    55
